Map: Romanticide LE

Players

soul

  • Race: Terran Terran
  • League: Grandmaster

Serral - Winner!

  • Race: Zerg Zerg
  • League: Master

Event: DreamHack SC2 Masters 2021 Summer

VOD

Have the link to the VOD?

Description

Time

  • Played on: May 20, 2021, 12:23 p.m.
  • Length: 21:24

All games in this series

Show
View Real Time Build Order
Export as new Build Order

soul Terran 

Build Orders: Reaper Expand 

Get SALT Encoding   

  12  0:00  SCV  
  13  0:12  SCV  
  14  0:17  Supply Depot  
  14  0:24  SCV  
  15  0:39  SCV  
  15  0:41  Barracks  
  16  0:45  Refinery  
  16  0:51  SCV  
  17  1:03  SCV  
  18  1:15  SCV  
  19  1:29  Reaper, Orbital Command  
  20  1:40  Command Center  
  20  1:49  Supply Depot  
  20  1:55  SCV  
  20  2:00  Marine  
  22  2:07  SCV  
  23  2:13  Factory  
  23  2:19  SCV  
  23  2:22  Barracks Reactor  
  24  2:31  SCV  
  25  2:41  Command Center  
  25  2:46  SCV  
  26  2:53  Orbital Command  
  26  2:58  SCV  
  31  3:05  Hellion  
  31  3:06  Hellion  
  31  3:09  Barracks Tech Lab  
  31  3:10  SCV  
  32  3:15  Barracks  
  32  3:18  SCV  
  33  3:22  SCV  
  36  3:27  Hellion x2  
  36  3:30  Stimpack  
  36  3:32  Marine  
  39  3:34  SCV  
  39  3:36  SCV  
  39  3:39  Refinery  
  41  3:46  SCV  
  42  3:52  Starport, SCV  
  43  3:55  Orbital Command  
  43  3:58  SCV, Marine  
  45  4:04  Factory Reactor  
  45  4:05  SCV  
  46  4:11  SCV, Marine  
  46  4:12  Marine  
  46  4:16  Marine  
  50  4:17  SCV  
  50  4:19  Supply Depot  
  50  4:23  SCV  
  52  4:26  SCV  
  52  4:29  Refinery, SCV, Marine x2  
  52  4:30  Refinery  
  54  4:33  Marine  
  54  4:35  SCV  
  54  4:38  SCV  
  57  4:41  SCV  
  57  4:42  Supply Depot  
  57  4:44  Medivac, Supply Depot  
  57  4:45  Medivac  
  62  4:47  SCV, Marine  
  62  4:49  Marine  
  65  4:55  SCV  
  65  4:58  Engineering Bay, Marine  
  67  5:00  Engineering Bay  
  67  5:02  SCV  
  67  5:06  Factory Tech Lab, Orbital Command  
  69  5:07  SCV  
  69  5:12  Supply Depot, Marine, Combat Shield  
  69  5:13  Marine, Supply Depot  
  71  5:14  SCV  
  71  5:16  Marine  
  71  5:19  SCV  
  74  5:25  Starport Reactor  
  74  5:26  SCV  
  75  5:30  Marine  
  75  5:31  SCV  
  75  5:34  SCV, Marine x2, Siege Tank  
  83  5:36  Supply Depot  
  83  5:38  SCV  
  83  5:39  Terran Infantry Armor Level 1, Terran Infantry Weapons Level 1  
  83  5:42  Supply Depot  
  84  5:43  SCV  
  84  5:48  Marine  
  86  5:51  SCV  
  86  5:52  Marine  
  86  5:53  SCV  
  86  5:56  SCV  
  90  6:01  Bunker  
  90  6:02  Medivac x2  
  90  6:03  SCV  
  96  6:05  Marine  
  96  6:06  Supply Depot  
  96  6:07  Siege Tank  
  100  6:15  Barracks  
  100  6:17  SCV x2, Barracks x2  
  101  6:18  SCV  
  101  6:19  Marine  
  101  6:22  Marine  
  101  6:24  Marine  
  105  6:28  Supply Depot  
  105  6:29  SCV  
  105  6:30  SCV  
  107  6:33  SCV  
  107  6:35  Armory  
  107  6:36  Supply Depot  
  107  6:37  Marine  
  107  6:39  Marine  
  109  6:41  SCV  
  109  6:42  SCV, Marine  
  109  6:45  SCV  
  109  6:46  Siege Tank  
  117  6:52  Supply Depot  
  117  6:53  SCV  
  118  6:54  Marine  
  118  6:57  Marine  
  118  7:00  Marine, Supply Depot  
  121  7:04  Marine x2  
  121  7:05  Barracks Reactor, Marine  
  123  7:12  Marine  
  123  7:15  Marine  
  111  7:17  Marine  
  111  7:18  SCV  
  111  7:22  Marine x2  
  113  7:23  Marine  
  113  7:27  Command Center  
  114  7:30  Marine  
  114  7:33  Marine  
  114  7:35  Marine  
  113  7:38  SCV  
  113  7:40  Marine x2  
  113  7:41  Barracks Reactor, SCV, Marine  
  118  7:46  SCV  
  118  7:47  Terran Infantry Weapons Level 2  
  118  7:48  Marine x2  
  118  7:50  SCV  
  118  7:51  Marine  
  123  7:53  SCV, Marine  
  123  7:58  SCV, Marine x2  
  127  8:00  Marine, Siege Tank  
  127  8:02  SCV  
  133  8:06  Marine x2  
  134  8:16  Marine  
  133  8:22  Barracks x2  
  133  8:24  Factory  
  133  8:32  Marine x2  
  133  8:33  Marine x2  
  133  8:34  Marine  
  133  8:35  SCV  
  129  8:43  Marine x4  
  129  8:45  Siege Tank  
  130  8:49  Medivac x2  
  130  8:50  Marine x4  
  130  8:51  SCV  
  130  8:52  Marine  
  130  8:55  SCV  
  141  8:57  SCV  
  141  8:59  Refinery  
  141  9:00  Refinery  
  141  9:01  Marine x3  
  143  9:03  Barracks  
  143  9:08  SCV x2  
  143  9:09  SCV, Factory Reactor, Command Center  
  145  9:13  Marine  
  141  9:20  SCV  
  141  9:21  Marine  
  141  9:22  Marine  
  145  9:24  Marine x3  
  145  9:26  Siege Tank  
  145  9:29  Terran Infantry Armor Level 2  
  145  9:30  Terran Vehicle And Ship Armor Level 1  
  145  9:31  Factory  
  145  9:32  Factory, Medivac  
  145  9:36  Planetary Fortress  
  147  9:40  Supply Depot x2  
  147  9:43  Barracks Tech Lab x2  
  147  9:45  SCV  
  148  9:50  Sensor Tower  
  148  9:53  Supply Depot  
  148  9:54  Supply Depot  
  148  9:55  Barracks Tech Lab, Medivac  
  148  9:56  SCV x2  
  148  9:57  Supply Depot  
  152  10:02  Drilling Claws  
  150  10:11  Marine x5  
  150  10:12  Marine x2  
  150  10:13  Marauder x4  
  150  10:14  Factory Tech Lab, Siege Tank  
  158  10:18  Refinery, Factory Tech Lab  
  158  10:23  Terran Infantry Weapons Level 3  
  158  10:27  SCV x3  
  161  10:34  Marauder x2  
  162  10:37  Thor  
  162  10:40  Marauder x2  
  162  10:42  SCV  
  172  10:45  Marine  
  172  10:46  Siege Tank  
  162  10:50  Siege Tank  
  162  10:52  Missile Turret  
  162  10:54  Missile Turret  
  162  10:56  Marauder  
  165  10:57  Missile Turret  
  165  10:58  Planetary Fortress, Missile Turret x2  
  165  10:59  SCV  
  166  11:05  Marauder x2  
  166  11:06  Missile Turret  
  166  11:07  Missile Turret  
  166  11:08  Medivac  
  166  11:09  Medivac  
  166  11:10  SCV  
  173  11:12  SCV, Missile Turret  
  173  11:13  SCV  
  173  11:16  Widow Mine x2  
  179  11:23  Missile Turret  
  179  11:27  Marauder x4, Marine  
  179  11:28  Marine  
  189  11:38  Medivac  
  187  11:46  Bunker  
  187  11:47  Bunker  
  187  11:53  Ghost Academy  
  187  11:56  Medivac, Supply Depot  
  187  12:00  Command Center  
  175  12:18  Marauder x2, Marine x3  
  175  12:19  Marauder  
  172  12:26  Command Center  
  172  12:36  SCV x2, Marine x2, Thor x2, Supply Depot  
  180  12:37  Marauder, Supply Depot  
  180  12:39  Medivac x2  
  186  12:58  Marauder  
  186  13:00  Marauder  
  186  13:05  Thor  
  192  13:09  Ghost x2  
  189  13:19  Marine  
  190  13:21  SCV  
  190  13:25  Bunker  
  190  13:26  Marine x8  
  190  13:27  Bunker  
  197  13:29  Missile Turret x2  
  197  13:33  Missile Turret  
  197  13:34  Missile Turret  
  197  13:39  Terran Infantry Armor Level 3  
  197  13:40  Command Center x2  
  197  13:46  SCV  
  198  13:49  Orbital Command  
  198  14:01  Ghost  
  200  14:04  Missile Turret  
  200  14:05  Missile Turret x2  
  198  14:18  Marine, Ghost x2  
  198  14:20  Ghost  
  198  14:28  Missile Turret  
  198  14:29  Ghost  
  198  14:31  Refinery  
  200  14:32  Command Center  
  200  14:50  Missile Turret  
  199  15:01  Ghost  
  200  15:13  Planetary Fortress  
  185  15:15  Ghost x2  
  185  15:17  Widow Mine  
  185  15:18  Widow Mine  
  195  15:28  SCV x3  
  196  15:29  Refinery  
  196  15:30  Refinery  
  196  15:40  SCV x3  
  196  15:42  Planetary Fortress  
  199  15:52  SCV  
  200  16:01  Ghost x2  
  200  16:02  Marine  
  179  16:04  SCV  
  179  16:06  Marine  
  179  16:07  Ghost  
  183  16:13  Marine  
  178  16:28  SCV, Command Center x2  
  178  16:30  Marauder x2  
  177  16:35  Marine  
  177  16:36  Ghost  
  177  16:37  SCV, Missile Turret  
  179  16:43  Refinery  
  175  16:47  Marine  
  175  16:49  SCV, Marine  
  175  16:50  Marine  
  175  16:52  Marauder x2  
  183  16:58  Marine  
  183  17:01  Marine, Siege Tank  
  183  17:05  Marauder  
  183  17:08  Command Center  
  182  17:10  Marine x2  
  182  17:12  Ghost  
  182  17:13  Marauder  
  182  17:14  SCV x2, Marine  
  177  17:27  Marauder  
  176  17:34  Marauder  
  176  17:35  Marine  
  179  17:42  Marauder  
  180  17:45  SCV  
  180  17:46  SCV x2  
  180  17:48  Marauder  
  185  17:56  Marauder  
  185  17:58  SCV x3  
  148  18:03  Marauder  
  148  18:04  Marine  
  136  18:09  Marauder  
  136  18:10  SCV x2  
  136  18:11  Marine  
  139  18:13  Marine  
  139  18:17  Marauder  
  141  18:22  Planetary Fortress  
  143  18:27  Missile Turret  
  143  18:29  Siege Tank  
  146  18:35  Orbital Command  
  146  18:38  Widow Mine x2  
  148  18:50  SCV x2  
  150  18:55  Refinery  
  150  19:02  SCV x2  
  105  19:10  Marauder x3, Marine  
  105  19:11  SCV  
  105  19:13  Missile Turret  
  105  19:14  SCV x2  
  105  19:16  Marine  
  118  19:24  Widow Mine x3  
  118  19:26  SCV x2  
  118  19:28  Widow Mine  
  126  19:32  Marauder x2  
  126  19:35  Planetary Fortress  
  126  19:36  SCV  
  126  19:38  SCV x2, Siege Tank  
  136  19:48  Widow Mine x3  
  136  19:49  Widow Mine  
  136  19:52  Marauder  
  146  19:54  SCV x3  
  146  19:58  Marauder, Marine  
  152  20:02  Marauder  
  152  20:03  Marine  
  152  20:04  Marine x2  
  152  20:06  SCV  
  158  20:09  Widow Mine  
  160  20:14  Marine x3  
  160  20:15  Marauder  
  165  20:21  Ghost  
  153  20:32  Marauder  
  153  20:33  Marine  
  153  20:34  Marine  
  153  20:35  Marine  
  110  20:36  Marauder, Marine  
  110  20:40  Marine  
  110  20:41  Marine  
  110  20:42  Marine x2  
  97  20:43  Widow Mine  
  97  20:44  Widow Mine  
  97  20:45  Widow Mine  
  97  20:48  Widow Mine  
  105  20:50  Widow Mine, Marauder  
  105  20:51  Marine  
  105  20:52  Marine  
  105  20:53  Marine  
  105  20:54  Marauder, Marine  
  115  20:57  Marauder, Marine  
  115  20:59  Marine  
  115  21:00  Marine  
  115  21:02  Marine  
Show
View Real Time Build Order
Export as new Build Order

Serral Zerg - Winner!

Build Orders: Hatch First 

Get SALT Encoding   

  12  0:00  Drone  
  13  0:13  Overlord  
  13  0:17  Drone  
  14  0:31  Drone x2  
  16  0:47  Hatchery  
  15  0:51  Drone  
  15  0:54  Drone  
  17  0:57  Drone  
  18  1:08  Extractor  
  17  1:12  Spawning Pool  
  17  1:16  Drone  
  17  1:19  Drone  
  18  1:28  Drone  
  19  1:39  Drone  
  20  1:50  Drone  
  21  1:59  Queen x2  
  21  2:00  Zergling x2  
  21  2:01  Zergling x2  
  27  2:12  Drone, Overlord  
  28  2:22  Hatchery  
  27  2:25  Drone  
  28  2:30  Drone  
  28  2:31  Drone  
  28  2:32  Drone  
  31  2:37  Metabolic Boost  
  31  2:45  Queen  
  31  2:50  Overlord  
  33  2:54  Drone x2  
  33  2:56  Drone  
  36  3:03  Overlord  
  36  3:08  Drone x3  
  36  3:10  Drone  
  40  3:15  Queen  
  40  3:18  Drone  
  43  3:20  Drone  
  43  3:25  Queen  
  46  3:30  Overlord  
  46  3:32  Drone  
  46  3:34  Drone  
  48  3:40  Queen  
  50  3:41  Drone x2  
  50  3:44  Drone  
  50  3:46  Drone x2  
  50  3:48  Drone  
  56  3:53  Overlord  
  57  3:55  Zergling x4  
  57  3:56  Zergling x2  
  57  3:57  Drone  
  57  3:59  Drone  
  61  4:03  Drone  
  61  4:06  Drone  
  62  4:11  Drone x4  
  62  4:14  Overlord  
  66  4:27  Lair  
  66  4:29  Extractor  
  65  4:33  Overlord  
  65  4:34  Drone x5  
  65  4:38  Queen  
  72  4:40  Overlord  
  72  4:42  Queen, Overlord, Baneling Nest  
  72  4:43  Extractor  
  73  4:45  Drone  
  73  4:46  Overlord  
  73  4:51  Overlord  
  72  4:53  Drone x4  
  72  4:56  Overlord  
  76  5:01  Hatchery  
  76  5:03  Zergling x6  
  76  5:04  Drone  
  76  5:06  Drone  
  80  5:10  Drone x5  
  80  5:11  Drone  
  80  5:13  Extractor  
  85  5:16  Drone x2  
  87  5:22  Extractor, Zergling x2  
  87  5:25  Centrifical Hooks  
  87  5:26  Overseer  
  87  5:27  Zergling x8  
  91  5:29  Baneling x4  
  91  5:30  Baneling  
  91  5:34  Drone  
  92  5:40  Zergling x6  
  92  5:41  Evolution Chamber  
  94  5:43  Evolution Chamber  
  94  5:45  Overlord  
  94  5:49  Drone x3  
  96  5:51  Queen  
  96  5:54  Drone  
  96  5:55  Drone x4  
  103  6:00  Zergling x2  
  104  6:05  Baneling x2  
  104  6:06  Baneling  
  104  6:07  Zergling x10  
  108  6:11  Zerg Melee Weapons Level 1, Zerg Ground Armor Level 1  
  108  6:17  Zergling x8  
  112  6:22  Baneling x8  
  112  6:23  Baneling  
  112  6:27  Queen  
  112  6:30  Overlord  
  112  6:31  Zergling x14  
  121  6:37  Hatchery  
  121  6:39  Overlord  
  120  6:40  Zergling x6  
  120  6:46  Zergling x6  
  126  6:51  Drone  
  126  6:53  Hatchery  
  126  6:56  Zergling x8  
  126  7:00  Baneling x8  
  130  7:04  Baneling x4, Queen  
  130  7:09  Zergling x16  
  130  7:18  Zergling x8  
  117  7:31  Zergling x22  
  117  7:36  Baneling x7  
  119  7:40  Zergling x10  
  119  7:42  Baneling x4  
  124  7:49  Queen  
  124  7:50  Zergling x6  
  129  7:52  Baneling x4  
  129  7:53  Zergling x2  
  129  7:54  Zergling x6  
  129  7:55  Queen  
  133  8:05  Zergling x10  
  138  8:15  Zergling x24  
  138  8:18  Baneling x11  
  138  8:19  Zergling x6  
  148  8:20  Zerg Ground Armor Level 2, Zerg Melee Weapons Level 2  
  148  8:23  Overlord x2  
  148  8:24  Overlord  
  148  8:26  Overlord  
  142  8:35  Zergling x14  
  138  8:44  Spire  
  138  8:45  Drone  
  138  8:46  Extractor, Pneumatized Carapace  
  137  8:49  Drone x3  
  137  8:50  Drone, Overseer, Spore Crawler  
  137  8:54  Zergling x16  
  147  9:01  Baneling x4  
  145  9:04  Drone x7  
  148  9:17  Zergling x26  
  148  9:18  Zergling x2  
  148  9:21  Baneling  
  148  9:22  Baneling x5  
  160  9:31  Extractor  
  160  9:32  Extractor, Drone x4  
  160  9:33  Drone x5  
  160  9:34  Burrow  
  160  9:35  Zergling x4  
  169  9:39  Overseer  
  169  9:40  Baneling x3  
  169  9:41  Baneling x6  
  169  9:44  Drone  
  170  9:45  Zergling x2  
  170  9:46  Zergling x6  
  174  9:59  Overlord  
  173  10:00  Overlord  
  173  10:04  Mutalisk  
  173  10:05  Mutalisk x6  
  177  10:08  Mutalisk x2  
  180  10:18  Zerg Flyer Weapons Level 1  
  180  10:23  Infestation Pit  
  180  10:28  Drone x3  
  182  10:30  Extractor  
  182  10:31  Extractor  
  177  10:38  Mutalisk x6  
  177  10:42  Overlord x3  
  188  10:43  Overseer  
  188  10:47  Drone x4  
  185  10:51  Drone  
  185  10:55  Overlord  
  185  10:56  Overlord  
  186  10:59  Overseer x2  
  186  11:00  Hatchery, Baneling x7  
  185  11:07  Drone x2  
  185  11:09  Hive  
  187  11:13  Overlord  
  187  11:20  Zergling x26  
  187  11:23  Overseer, Spore Crawler  
  195  11:39  Baneling x9, Zergling x2  
  194  11:40  Zergling x24  
  199  11:57  Drone  
  199  12:05  Baneling x8  
  199  12:06  Baneling x2  
  199  12:12  Overseer  
  185  12:24  Zergling x2  
  185  12:25  Zergling x30  
  185  12:26  Adrenal Glands  
  185  12:29  Ultralisk Cavern, Zerg Melee Weapons Level 3, Zerg Ground Armor Level 3  
  197  12:32  Extractor  
  196  12:43  Hatchery  
  195  12:48  Drone x2  
  195  12:49  Drone x7, Spore Crawler  
  197  12:57  Baneling x13  
  196  13:16  Chitinous Plating  
  196  13:18  Zerg Flyer Weapons Level 2  
  193  13:20  Mutalisk x3  
  195  13:29  Mutalisk x2  
  195  13:33  Baneling x2  
  199  13:47  Hatchery  
  198  13:49  Drone  
  199  14:03  Baneling x7  
  189  14:21  Ultralisk x4  
  197  14:28  Baneling x13  
  197  14:34  Drone x3, Unknown  
  197  14:35  Baneling, Anabolic Synthesis  
  197  14:36  Baneling x5  
  197  14:50  Zergling x4  
  175  15:10  Zergling x26  
  187  15:14  Zergling x26  
  187  15:19  Overseer  
  187  15:20  Overseer  
  199  15:32  Hatchery  
  199  15:33  Hatchery  
  199  15:34  Zerg Flyer Armor Level 1  
  197  15:40  Baneling x7  
  197  15:42  Drone x2  
  197  15:52  Baneling x16  
  197  16:02  Zergling x16, Ultralisk x2  
  197  16:09  Drone  
  193  16:12  Zergling x16  
  198  16:26  Baneling x12  
  198  16:29  Zergling x2  
  198  16:30  Zergling x4  
  200  16:36  Zerg Missile Weapons Level 1  
  200  16:39  Baneling x5  
  198  16:46  Zergling x8  
  199  16:47  Hatchery  
  199  16:51  Zergling x16  
  199  16:54  Baneling x7  
  199  16:55  Baneling x15  
  199  17:01  Unknown  
  198  17:06  Zergling x6  
  198  17:07  Zergling x8  
  194  17:15  Zergling x2  
  194  17:16  Zergling x10  
  194  17:22  Baneling x5, Overseer  
  200  17:23  Baneling x6  
  200  17:28  Hatchery, Zergling x6  
  199  17:35  Baneling x11  
  199  17:49  Baneling x8  
  173  18:00  Baneling  
  173  18:01  Zergling x62  
  173  18:02  Zergling x12  
  189  18:06  Zergling x2  
  189  18:07  Zergling x18  
  199  18:20  Baneling x2  
  199  18:21  Baneling  
  199  18:22  Baneling x5  
  199  18:23  Baneling x10  
  199  18:26  Drone x2, Spore Crawler  
  200  18:33  Baneling x10  
  200  18:34  Baneling x11  
  200  18:36  Baneling x15  
  200  18:37  Baneling x7  
  200  18:40  Extractor x2  
  198  18:41  Drone  
  198  18:43  Drone  
  200  18:49  Hatchery  
  200  18:50  Drone, Greater Spire  
  158  19:11  Zergling x2  
  158  19:12  Zergling x80  
  158  19:13  Zergling x4  
  158  19:14  Baneling x5  
  158  19:15  Baneling  
  158  19:16  Ultralisk  
  200  19:23  Baneling x10  
  199  19:30  Baneling x2  
  199  19:34  Baneling x2  
  199  19:37  Baneling x26  
  199  19:38  Baneling x6  
  199  19:52  Hatchery  
  198  19:53  Drone  
  180  20:31  Zergling x22  
  180  20:32  Zergling x16  
  180  20:33  Zergling x46  
  180  20:34  Zergling x4  
  194  20:41  Zergling x22  
  199  20:57  Baneling x25  
  194  21:20  Hatchery  
Tags
 
Add a new tag
Caveats
  • Supply blocks, unpowered buildings, or Contaminate may cause inaccurate times.
  • Supply counts are checked every 10 seconds.